 Dungeon Crawl Stone Soup version 0.26-a0-651-gb41185065b (webtiles) character file.

Game seed: 10616273367612250100

44 kae the Ruffian (level 3, 0/46 HPs)
             Began as a Naga Transmuter on Oct 30, 2020.
             Slain by an adder (4 damage)
             ... on level 2 of the Dungeon.
             The game lasted 00:00:55 (1982 turns).

kae the Ruffian (Naga Transmuter)                   Turns: 1982, Time: 00:00:55

Health: 0/46       AC:  2    Str: 13    XL:     3   Next: 62%
Magic:  6/6        EV: 10    Int: 13    God:
Gold:   66         SH:  0    Dex: 11    Spells: 2/6 levels left

rFire    . . .     SeeInvis +     - Unarmed
rCold    . . .     Faith    .   (no shield)
rNeg     . . .     Spirit   .   a - +0 robe
rPois    +         Reflect  .   (helmet currently unavailable)
rElec    .         Harm     .   (no cloak)
rCorr    .         Rampage  .   (no gloves)
MR       .....                  (no barding)
Stlth    ..........             (no amulet)
HPRegen  0.15/turn              (no ring)
MPRegen  0.10/turn              (no ring)

@: brilliant, berserking, appendages (expiring), quick
A: large, horns 2, see invisible, deformed body, poison resistance, slowness 2,
spit poison 1, AC +1
a: Spit Poison, End Transformation


You were on level 2 of the Dungeon.
You had grown temporary horns.
You visited 1 branch of the dungeon, and saw 2 of its levels.

You collected 66 gold pieces.

Inventory:

Armour
 a - a +0 robe (worn)
Jewellery
 b - a cursed -4 ring of dexterity {unknown}
 g - an uncursed ring of protection from magic {unknown}
Scrolls
 c - a scroll of remove curse {unknown}
 f - a scroll of identify {unknown}


   Skills:
 - Level 1.0 Fighting
 - Level 1.5 Dodging
 + Level 3.4 Unarmed Combat
 - Level 2.0 Spellcasting
 * Level 3.2 Transmutations
 * Level 1.2 Poison Magic


You had 2 spell levels left.
You knew the following spells:

 Your Spells              Type           Power        Failure   Level
a - Beastly Appendage     Tmut           ##....       7%          1
b - Spider Form           Tmut/Pois      ##........   30%         3

Your spell library contained the following spells:

 Spells                   Type           Power        Failure   Level
 Wereblood                Tmut           ##......     10%         2
 Ice Form                 Ice/Tmut       #.......     78%         4
 Blade Hands              Tmut           ##........   88%         5


Dungeon Overview and Level Annotations

Branches:
Dungeon (2/15)

Altars:


Innate Abilities, Weirdness & Mutations

You cannot wear boots.
Your serpentine skin is tough. (AC +1)
You have supernaturally acute eyesight. (SInv)
Armour fits poorly on your strangely shaped body.
Your system is resistant to poisons. (rPois)
You cover ground very slowly.
You can spit poison.
You have a pair of horns on your head.


Message History

The splash of poison hits the frilled lizard.
The frilled lizard is poisoned.
You kill the frilled lizard!
The adder completely misses you. The adder closely misses you.
It was a potion of brilliance.
You feel clever all of a sudden.
Your transformation is almost over.
The adder bites you.
* * * LOW HITPOINT WARNING * * *
It was a potion of berserk rage.
A red film seems to cover your vision as you go berserk!
You feel yourself moving faster!
You feel mighty! The adder bites you.
* * * LOW HITPOINT WARNING * * *
You barely miss the adder.
The adder is severely wounded.
The adder bites you but does no damage.
You hit the adder.
The adder is almost dead.
You have got your breath back.
The adder bites you.
You die...

#..###### #....... ...#
#.....!. ..## .......
..# ....... ..# .......
..###############......)
).......................
...####### #S#
....†....#######@###.#
.#.#####.............#
.#.# #########.#####
>..# .... #### #.### ###


You could see an adder.

Vanquished Creatures
  An adder (D:2)
  A worm (D:2)
  2 dart slugs (D:1)
  2 leopard geckos
  2 bats (D:2)
  3 giant cockroaches (D:1)
  4 goblins (D:1)
  2 hobgoblins (D:1)
  2 ball pythons (D:1)
  4 frilled lizards
  3 kobolds (D:1)
  A rat (D:1)
27 creatures vanquished.

Notes
Turn   | Place    | Note
-------+----------+-------------------------------------------
     0 | D:1      | kae the Naga Transmuter began the quest for the Orb.
     0 | D:1      | Reached XP level 1. HP: 18/18 MP: 3/3
   449 | D:1      | Reached XP level 2. HP: 25/25 MP: 3/5
  1184 | D:1      | Reached XP level 3. HP: 31/31 MP: 4/6
  1189 | D:1      | Learned a level 3 spell: Spider Form
  1679 | D:2      | Reached skill level 1 in Poison Magic
  1982 | D:2      | Slain by an adder

Illustrated notes

Levels and vault maps discovered:
D:1:      lemuel_arrival_hallway, layout_loops_ring
D:2:      layout_loops_ring, kennysheep_slug_shrine, minmay_hexomino_r4

Skill      XL: |  1  2  3 |
---------------+----------+-----
Transmutations | 3 |  3.2
Poison Magic   | 1 |  1.2
Fighting       | |  1.0
Dodging        | |  1.5
Unarmed Combat | |  3.4
Spellcasting   | |  2.0

Action                   || total
-------------------------++-------
Melee: Unarmed           ||    92
       Headbutt          ||     7
       Punch             ||     1
 Cast: Beastly Appendage ||    22
 Abil: Spit Poison       ||    15
  Use: Potion            ||     2
 Stab: Sleeping          ||     1
Armor: Robe              ||    22
Dodge: Dodged            ||    67

Table legend: (Time is in decaauts)
 A = Elapsed time spent in this place.
 B = Non-inter-level travel time spent in this place.
 C = Inter-level travel time spent in this place.
 D = Time resting spent in this place.
 E = Time spent auto-exploring this place.
 F = Levels seen in this place.
 G = Mean time per level.
                   A        B        C        D        E       F      G
               +--------+--------+--------+--------+--------+-----+--------+
         Total |   2214 |   2197 |     17 |    241 |   1702 |   2 | 1107.0 |
       Dungeon |   2214 |   2197 |     17 |    241 |   1702 |   2 | 1107.0 |
               +--------+--------+--------+--------+--------+-----+--------+

Top non-repeatable levels by time:
     D:1: 1710 daAuts
     D:2: 504 daAuts
